 Dungeon Crawl Stone Soup version 0.27.1-2-g3b301248ec (webtiles) character file.

Game seed: 17452277281998860107

182 pkoi the Slasher (level 5, -2/42 HPs)
             Began as a Minotaur Gladiator on Sept 28, 2021.
             Slain by Edmund (13 damage)
             ... on level 4 of the Dungeon.
             The game lasted 00:02:16 (3089 turns).

pkoi the Slasher (Minotaur Gladiator)               Turns: 3089, Time: 00:02:17

Health: -2/42      AC:  3    Str: 18 (19) XL:     5   Next: 35%
Magic:  4/4        EV: 12    Int:  4 (5)  God:
Gold:   206        SH:  0    Dex: 10 (12) Spells: 4/4 levels left

rFire    . . .     SeeInvis .   a - +0 long sword
rCold    . . .     Faith    .   (no shield)
rNeg     . . .     Spirit   .   b - +0 leather armour
rPois    .         Reflect  .   c - +0 hat
rElec    .         Harm     .   (no cloak)
rCorr    .         Rampage  .   (no gloves)
Will     .....                  (no boots)
Stlth    +.........             (no amulet)
HPRegen  0.14/turn              (no ring)
MPRegen  0.09/turn              (no ring)

@: hasted, very quick
A: horns 2, retaliatory headbutt
a: no special abilities


You were on level 4 of the Dungeon.
You visited 1 branch of the dungeon, and saw 4 of its levels.

You collected 206 gold pieces.

Inventory:

Hand Weapons
 a - a +0 long sword (weapon)
Missiles
 d - 3 throwing nets (quivered)
 h - 3 poisoned darts
Armour
 b - a +0 leather armour (worn)
 c - a +0 hat (worn)
Jewellery
 k - a +6 ring of strength
Scrolls
 e - 3 scrolls of identify
 g - a scroll of enchant weapon {unknown}
 i - 3 scrolls of acquirement {unknown}
Potions
 f - 3 potions of curing {unknown}
 j - a potion of might {unknown}


   Skills:
 - Level 2.4 Fighting
 * Level 7.4 Long Blades
 - Level 2.0 Throwing
 - Level 3.2 Dodging


You had 4 spell levels left.
You didn't know any spells.
Your spell library contained the following spells:

 Spells                   Type           Power      Damage    Failure   Level
 Foxfire                  Conj/Fire      0%         2x1d4     56%         1
 Conjure Flame            Conj/Fire      0%         6-21      90%         3
 Dazzling Flash           Conj/Hex       0%         N/A       90%         3
 Inner Flame              Hex/Fire       0%         N/A       90%         3
 Iskenderun's Mystic Bla  Conj/Tloc      0%         2d3       100%        4
 Starburst                Conj/Fire      0%         6d3       100%        6


Dungeon Overview and Level Annotations

Branches:
Dungeon (4/15)
 Temple: D:4-7

Altars:

Annotations:
D:4 Edmund


Innate Abilities, Weirdness & Mutations

You have a pair of horns on your head.
You reflexively headbutt those who attack you in melee.


Message History

Unknown command.
Found an escape hatch in the ceiling.
A scorpion and Edmund come into view.
Edmund is wielding a +2 dire flail of protection.
Edmund shouts!
There are monsters nearby!
There are monsters nearby!
Found a book of Burglary.
You hit Edmund but do no damage. Edmund closely misses you.
Sorry, you're not good enough to have a special ability.
It was a potion of degeneration.
There was something very wrong with that liquid.
You feel weakened.
You feel dopey.
You feel clumsy. Edmund misses you.
You riposte.
You hit Edmund but do no damage.
It was a potion of haste.
You feel yourself speed up.
Edmund hits you with a +2 dire flail of protection!
You slash Edmund!
Edmund is moderately wounded.
Edmund hits you with a +2 dire flail of protection!
* * * LOW HITPOINT WARNING * * *
You slash Edmund! Your headbutt misses Edmund.
Edmund is heavily wounded.
Edmund barely misses you.
You barely miss Edmund. Your headbutt misses Edmund.
Edmund is heavily wounded.
You barely miss Edmund. You headbutt Edmund!
Edmund is severely wounded.
Edmund closely misses you.
You riposte.
You hit Edmund. Your headbutt misses Edmund.
Edmund is severely wounded.
You hit Edmund.
Edmund is almost dead.
Edmund hits you with a +2 dire flail of protection.
* * * LOW HITPOINT WARNING * * *
You hit Edmund but do no damage. You headbutt Edmund.
Edmund is almost dead.
You hit Edmund but do no damage.
Edmund is almost dead.
Edmund hits you with a +2 dire flail of protection!
You die...

#.#..: #.<.. #...
#..###
#.###....####..#
...............#
#####.##s#####. #
#@# #@# #.# #.#
##.#####.. #
#.........
#.#######..####...
###.................
..........########..
########...#


You could see Edmund and a scorpion.

Vanquished Creatures
  Terence (D:3)
  Jessica (D:3)
  5 adders
  An adder skeleton (D:2)
  3 dart slugs (D:1)
  An orc (D:3)
  6 bats
  4 endoplasms
  2 giant cockroaches
  5 goblins
  4 hobgoblins
  7 jackals
  6 kobolds
  8 quokkas
  6 ball pythons
  6 frilled lizards
  6 rats
  A spectral goblin (D:3)
73 creatures vanquished.

Vanquished Creatures (others)
  A goblin (D:1)
  A plant (D:1)
2 creatures vanquished.

Grand Total: 75 creatures vanquished

Notes
Turn   | Place    | Note
-------+----------+-------------------------------------------
     0 | D:1      | pkoi the Minotaur Gladiator began the quest for the Orb.
     0 | D:1      | Reached XP level 1. HP: 18/18 MP: 0/0
   161 | D:1      | Reached skill level 4 in Long Blades
   167 | D:1      | Reached XP level 2. HP: 19/25 MP: 1/1
   679 | D:1      | Reached skill level 5 in Long Blades
   716 | D:1      | Reached XP level 3. HP: 27/30 MP: 2/2
  1223 | D:2      | Reached XP level 4. HP: 32/37 MP: 3/3
  1281 | D:2      | Reached skill level 6 in Long Blades
  1775 | D:3      | Noticed Jessica
  1785 | D:3      | Killed Jessica
  2224 | D:3      | Noticed Terence
  2233 | D:3      | Killed Terence
  2234 | D:3      | Reached skill level 7 in Long Blades
  2234 | D:3      | Reached XP level 5. HP: 15/42 MP: 4/4
  2486 | D:3      | Found a faded altar of an unknown god.
  3075 | D:4      | Noticed Edmund
  3089 | D:4      | Slain by Edmund

Illustrated notes

Levels and vault maps discovered:
D:1:      dpeg_arrival_houses_and_road, layout_basic, serial_forest,
          infiniplex_forest_lined_1, infiniplex_forest_end_2,
          infiniplex_forest_clump_small, infiniplex_forest_straight_3,
          infiniplex_forest_straight_3, infiniplex_forest_lined_2,
          infiniplex_forest_straight_3, columned_hall_lemuel,
          minmay_misc_feat_hallway, minmay_unequal
D:2:      layout_loops_ring, minmay_tromino_mix6
D:3:      minmay_general_purpose_star, layout_loops_ring,
          dreamdust_ecumenical_altar_drowned_temple, grunt_decor_resistance,
          uniq_terence, uniq_jessica
D:4:      layout_loops_ring, uniq_edmund

Skill      XL: |  1  2  3  4 |
---------------+-------------+-----
Long Blades    | 4 5 7 |  7.4
Fighting       | |  2.4
Throwing       | |  2.0
Dodging        | |  3.2

Action                   |  1- 3 |  4- 6 || total
-------------------------+-------+-------++-------
Melee: Long sword        |    72 |    70 ||   142
       Headbutt          |    13 |    14 ||    27
  Use: Scroll            |     1 |       ||     1
       Potion            |       |     2 ||     2
Armor: Leather armour    |    22 |    12 ||    34
Dodge: Dodged            |    74 |    30 ||   104
       Rpst.: Long sword |    23 |    14 ||    37
